Map: Pylon LE

Players

Serral - Winner!

  • Race: Zerg Zerg
  • Spawn Location: 5:00

Cure

  • Race: Terran Terran
  • Spawn Location: 11:00

VOD

Have the link to the VOD?

Description

Time

  • Played on: Aug. 15, 2025, 4:29 a.m.
  • Length: 16:44
Show
View Real Time Build Order
Export as new Build Order

Serral Zerg - Winner!

Build Orders: Hatch First 

Get SALT Encoding   

  12  0:00  Drone  
  13  0:07  Drone  
  13  0:14  Drone, Extractor  
  13  0:21  Overlord  
  15  0:39  Drone  
  16  0:45  Hatchery  
  16  0:48  Drone  
  16  0:52  Drone  
  16  0:55  Drone  
  18  1:05  Extractor  
  18  1:10  Spawning Pool  
  16  1:14  Drone  
  16  1:17  Drone  
  18  1:26  Drone  
  19  1:37  Drone  
  20  1:48  Drone  
  21  1:57  Queen x2  
  21  1:59  Zergling x4  
  27  2:09  Overlord  
  27  2:10  Drone  
  28  2:23  Metabolic Boost  
  28  2:27  Hatchery  
  28  2:29  Drone  
  28  2:35  Drone x2  
  30  2:37  Drone  
  31  2:44  Queen  
  31  2:49  Overlord  
  33  2:53  Drone  
  33  2:54  Drone  
  33  2:56  Drone  
  36  3:02  Overlord  
  36  3:08  Drone x3  
  36  3:11  Drone  
  36  3:12  Drone  
  41  3:13  Drone  
  41  3:19  Drone  
  43  3:21  Queen  
  45  3:28  Queen  
  47  3:36  Drone x2, Zergling x2  
  47  3:38  Overlord  
  50  3:41  Queen  
  50  3:44  Drone  
  50  3:47  Zergling x2  
  54  3:48  Drone x2  
  54  3:52  Drone  
  54  3:53  Drone  
  58  3:57  Drone x3  
  61  4:04  Drone, Overlord  
  61  4:09  Overlord  
  62  4:10  Queen  
  62  4:13  Zergling x2  
  62  4:15  Zergling x2  
  66  4:20  Overlord  
  66  4:21  Lair  
  66  4:23  Zergling x2  
  67  4:26  Drone  
  67  4:27  Evolution Chamber, Drone  
  68  4:32  Drone x3  
  68  4:38  Overlord  
  71  4:39  Drone, Zergling x2  
  71  4:40  Drone x3  
  71  4:44  Drone  
  71  4:45  Drone x2  
  79  4:46  Spore Crawler  
  79  4:50  Queen  
  80  4:54  Hatchery  
  80  4:57  Drone  
  80  4:58  Spore Crawler  
  79  5:00  Zergling x4  
  79  5:03  Zerg Ground Armor Level 1  
  79  5:05  Drone x2  
  84  5:07  Drone x2  
  84  5:10  Spore Crawler  
  84  5:11  Extractor x2  
  84  5:12  Drone x2  
  84  5:13  Zergling x2  
  85  5:18  Drone x4  
  89  5:21  Overseer  
  89  5:23  Queen  
  89  5:25  Overlord  
  89  5:26  Drone  
  92  5:31  Evolution Chamber, Overlord  
  91  5:35  Overseer  
  91  5:37  Drone x2  
  91  5:39  Drone x3  
  91  5:40  Drone x2  
  98  5:43  Overlord  
  98  5:44  Extractor, Baneling Nest  
  98  5:46  Extractor, Overlord  
  98  5:49  Drone  
  97  5:50  Drone x2  
  97  5:51  Drone  
  99  5:58  Drone x2  
  99  5:59  Drone x2  
  99  6:01  Drone  
  99  6:03  Zerg Melee Weapons Level 1  
  104  6:05  Hatchery  
  103  6:11  Hatchery  
  103  6:13  Overseer  
  102  6:19  Drone x3  
  102  6:21  Drone x2, Spore Crawler, Infestation Pit  
  102  6:23  Drone x2  
  107  6:26  Zergling x8  
  107  6:30  Zergling x8  
  115  6:36  Overlord  
  115  6:37  Zergling x2  
  115  6:38  Zergling x12  
  122  6:44  Overlord  
  122  6:46  Baneling x4  
  122  6:49  Centrifugal Hooks  
  122  6:51  Zergling x8  
  126  6:57  Extractor  
  126  6:58  Roach Warren  
  126  7:00  Baneling x4  
  126  7:01  Hive  
  124  7:03  Drone x5  
  124  7:04  Drone x3  
  124  7:05  Drone x3  
  134  7:16  Drone x4  
  134  7:17  Drone  
  134  7:18  Overlord x2  
  134  7:22  Extractor x2  
  137  7:23  Zerg Missile Weapons Level 1  
  137  7:24  Zergling x20  
  137  7:26  Overlord  
  137  7:28  Overlord  
  147  7:36  Overlord x4  
  147  7:38  Drone, Spore Crawler  
  147  7:43  Spine Crawler, Glial Reconstitution  
  146  7:46  Roach x5  
  156  7:52  Roach x4  
  164  7:59  Zerg Melee Weapons Level 2  
  164  8:01  Roach x4  
  166  8:09  Zergling x18  
  174  8:13  Viper x2  
  174  8:16  Spire  
  174  8:19  Drone x2  
  180  8:20  Drone x3  
  178  8:28  Zergling x26  
  178  8:31  Drone x2  
  178  8:32  Drone x2  
  188  8:42  Adrenal Glands  
  188  8:44  Ravager x5  
  188  8:47  Extractor  
  192  8:49  Spine Crawler  
  192  8:50  Drone x3  
  192  8:52  Spine Crawler, Extractor  
  192  8:55  Ravager x2  
  194  8:56  Zergling x10  
  194  8:59  Baneling x5  
  198  9:07  Hatchery  
  197  9:16  Neural Parasite, Burrow  
  195  9:21  Zergling x10  
  192  9:26  Zergling x14  
  192  9:29  Overseer  
  199  9:31  Pneumatized Carapace  
  199  9:33  Baneling x4  
  199  9:34  Baneling x4  
  199  9:35  Zerg Missile Weapons Level 2  
  199  9:37  Overlord x7  
  199  9:38  Greater Spire  
  199  9:51  Baneling x8  
  199  9:59  Zergling x2  
  197  10:02  Baneling x11  
  197  10:05  Zergling x34  
  198  10:14  Zergling x2  
  198  10:21  Zergling x8  
  199  10:27  Baneling  
  199  10:28  Baneling x4  
  188  10:30  Overseer  
  188  10:32  Zergling x22  
  188  10:33  Zergling x6  
  200  10:39  Zerg Melee Weapons Level 3  
  163  10:50  Zergling x22  
  163  10:54  Roach x4  
  163  10:55  Roach x10  
  162  10:57  Baneling  
  162  10:58  Baneling x7  
  162  10:59  Roach  
  162  11:01  Roach x2  
  162  11:03  Roach x3  
  172  11:08  Roach  
  172  11:09  Viper x2  
  179  11:17  Ravager x6  
  183  11:18  Zergling x6  
  183  11:19  Zergling x10  
  183  11:22  Zergling x2  
  187  11:26  Ravager x3  
  187  11:30  Zergling x12  
  194  11:34  Zergling x10  
  194  11:38  Spine Crawler  
  194  11:39  Zergling x6  
  197  11:43  Zergling x6  
  181  11:50  Roach x2  
  181  11:52  Roach x4, Zergling x10  
  157  11:59  Roach x10  
  169  12:02  Roach x5  
  169  12:08  Roach x3, Zergling x6  
  169  12:13  Ravager  
  169  12:14  Ravager x3, Queen x3  
  177  12:17  Zergling x14  
  184  12:25  Zergling x16  
  184  12:27  Ravager x5  
  184  12:28  Ravager x3  
  194  12:34  Queen  
  194  12:35  Zergling x10  
  199  12:40  Zergling x8  
  199  12:47  Baneling x10  
  192  12:51  Zergling x14  
  192  12:56  Roach x5  
  190  12:59  Roach x2, Zergling x2  
  188  13:10  Roach x3, Zergling x8  
  177  13:17  Hatchery  
  163  13:20  Zerg Missile Weapons Level 3  
  163  13:23  Zergling x2  
  163  13:24  Zergling x12  
  163  13:26  Ravager x2  
  163  13:27  Ravager  
  173  13:28  Overlord  
  172  13:35  Viper x2  
  172  13:37  Zergling x14  
  182  13:45  Drone x2  
  182  13:47  Drone  
  182  13:51  Zergling x12  
  186  13:57  Zergling x8  
  186  13:58  Baneling  
  186  13:59  Baneling x4, Ravager x2  
  186  14:00  Ravager  
  186  14:01  Ravager  
  186  14:02  Ravager x3  
  196  14:03  Hatchery, Ravager x2  
  196  14:04  Ravager  
  198  14:14  Zergling x6  
  193  14:18  Zergling x14  
  194  14:33  Zergling x12  
  200  14:40  Baneling x2  
  198  14:52  Unknown  
  198  14:53  Ultralisk Cavern  
  198  14:58  Hydralisk Den  
Show
View Real Time Build Order
Export as new Build Order

Cure Terran 

Build Orders: Reaper Expand, Hellion Banshee, Mech 

Get SALT Encoding   

  12  0:00  SCV  
  13  0:12  SCV  
  14  0:17  Supply Depot  
  14  0:24  SCV  
  15  0:38  SCV  
  15  0:39  Barracks  
  15  0:42  Refinery  
  16  0:50  SCV  
  17  1:02  SCV  
  18  1:15  SCV  
  19  1:26  Reaper  
  19  1:27  Orbital Command  
  20  1:37  Command Center  
  20  1:45  Supply Depot  
  20  1:52  SCV  
  21  1:58  Marine  
  22  2:04  SCV  
  23  2:09  Factory  
  23  2:17  SCV  
  23  2:20  Barracks Reactor  
  24  2:29  SCV  
  25  2:35  Command Center  
  25  2:41  SCV  
  26  2:49  Orbital Command  
  26  2:53  SCV  
  27  2:59  Starport  
  27  3:05  SCV  
  28  3:06  Hellion  
  28  3:07  Hellion  
  28  3:11  Refinery  
  32  3:12  Barracks Tech Lab  
  32  3:15  SCV  
  32  3:17  SCV  
  34  3:27  SCV  
  34  3:29  SCV  
  36  3:36  Hellion x2  
  36  3:40  SCV  
  41  3:41  SCV  
  41  3:43  Banshee, Marine  
  41  3:47  Orbital Command  
  46  3:52  SCV  
  46  3:53  SCV  
  48  4:00  Refinery  
  48  4:01  Cloaking Field, Refinery  
  48  4:03  Supply Depot  
  48  4:06  SCV x2  
  52  4:10  Hellion x2  
  52  4:12  Barracks Tech Lab  
  52  4:13  Orbital Command  
  54  4:18  SCV x2  
  56  4:27  Banshee, Supply Depot  
  60  4:32  SCV x2  
  61  4:41  Factory  
  61  4:42  SCV  
  61  4:43  Barracks Tech Lab  
  61  4:44  SCV x2  
  64  4:48  Factory  
  64  4:54  SCV  
  64  4:56  SCV  
  64  4:57  SCV  
  64  4:58  Supply Depot  
  67  5:03  Supply Depot  
  67  5:06  SCV  
  68  5:08  Armory  
  68  5:09  Armory, SCV x2  
  70  5:18  SCV  
  70  5:21  SCV x2  
  73  5:22  Supply Depot  
  73  5:23  Hellion  
  73  5:24  Hellion  
  80  5:28  Siege Tank  
  80  5:30  SCV  
  80  5:33  SCV x2  
  83  5:37  Refinery x2  
  83  5:41  Siege Tank  
  83  5:42  Factory  
  86  5:43  Barracks Reactor  
  86  5:45  Factory, SCV  
  86  5:46  SCV x2  
  89  5:52  Supply Depot  
  89  5:55  Supply Depot  
  89  5:59  Terran Vehicle Weapons Level 1  
  89  6:00  Terran Vehicle And Ship Armor Level 1, SCV x2  
  89  6:01  SCV  
  92  6:09  Siege Tank  
  95  6:12  SCV  
  95  6:13  SCV x2  
  95  6:14  Hellion x2  
  102  6:24  Supply Depot, SCV  
  102  6:25  SCV x2  
  105  6:26  Supply Depot  
  105  6:27  Supply Depot, Siege Tank  
  105  6:31  Starport Reactor, Siege Tank  
  111  6:37  SCV x3  
  114  6:46  Command Center  
  114  6:51  Siege Tank  
  117  6:57  Hellion x3  
  117  6:59  Siege Tank  
  126  7:05  Supply Depot, SCV  
  126  7:06  SCV x2  
  129  7:09  Supply Depot  
  129  7:16  Viking x2  
  133  7:23  Factory x2  
  133  7:26  Factory  
  133  7:33  Infernal Pre-Igniter, Smart Servos  
  133  7:35  SCV x3  
  136  7:39  Engineering Bay  
  136  7:41  Hellion x2, Siege Tank  
  146  7:55  Terran Vehicle Weapons Level 2  
  146  7:57  Terran Vehicle And Ship Armor Level 2  
  143  8:00  Hellion x2, SCV x2  
  143  8:01  SCV  
  150  8:14  Refinery  
  150  8:18  Factory Tech Lab x2, Factory Reactor, Siege Tank x2  
  156  8:21  Refinery  
  156  8:29  Hellion x3  
  156  8:30  Hellion x2  
  156  8:34  Planetary Fortress  
  141  8:37  SCV x3  
  141  8:41  Siege Tank  
  147  8:47  Sensor Tower  
  147  8:49  Supply Depot, Siege Tank  
  147  8:50  Supply Depot, Hellion, Siege Tank  
  147  8:51  Viking  
  147  8:52  Supply Depot  
  157  8:57  Viking  
  159  9:07  Siege Tank  
  159  9:08  Hellion x2  
  159  9:09  Hellion x2  
  172  9:10  Hellion  
  172  9:11  Hellion, Siege Tank  
  172  9:15  Supply Depot x2  
  172  9:16  Siege Tank  
  178  9:21  Hellion  
  178  9:22  Hellion  
  182  9:30  Hellion x2  
  184  9:37  Hellion x2  
  188  9:39  Siege Tank  
  188  9:42  Hellion, Siege Tank  
  188  9:43  Siege Tank  
  188  9:44  Command Center  
  199  9:47  Sensor Tower  
  197  10:14  Viking  
  191  10:21  Siege Tank  
  191  10:22  Hellion x2  
  191  10:30  Hellion, Siege Tank x2  
  191  10:31  Hellion  
  191  10:32  Terran Vehicle And Ship Armor Level 3, Terran Vehicle Weapons Level 3  
  199  10:41  Hellion x2, Siege Tank  
  200  10:44  Siege Tank  
  200  10:45  Hellion  
  200  10:49  Viking x2  
  168  10:50  Hellion  
  168  10:51  SCV x3  
  168  10:52  Hellion x2, SCV  
  168  10:54  Siege Tank  
  150  11:02  Siege Tank  
  150  11:03  Orbital Command, Hellion x3, SCV x3  
  162  11:04  SCV  
  162  11:08  Hellion  
  165  11:12  Hellion  
  165  11:13  Hellion, Siege Tank  
  165  11:15  SCV x3  
  165  11:16  SCV  
  165  11:18  Hellion  
  178  11:19  Viking x2  
  182  11:27  SCV x3  
  182  11:28  SCV  
  186  11:38  Hellion, Siege Tank x2  
  186  11:39  Hellion  
  194  11:43  Siege Tank  
  194  11:46  Siege Tank  
  191  11:49  Viking x2  
  191  11:53  Hellion, Siege Tank  
  176  12:04  Hellion  
  176  12:06  Hellion x3  
  176  12:07  Hellion  
  165  12:15  Siege Tank  
  165  12:16  Hellion  
  165  12:19  Liberator x2  
  178  12:22  Siege Tank  
  178  12:23  Hellion  
  178  12:25  Hellion, Siege Tank  
  178  12:33  SCV x4  
  178  12:34  Orbital Command, Hellion  
  181  12:44  Siege Tank  
  181  12:45  Hellion  
  181  12:47  Siege Tank x2  
  183  12:55  Siege Tank  
  183  12:57  Hellion, Siege Tank  
  183  13:02  Viking  
  183  13:04  Hellion x2  
  181  13:08  Hellion x2  
  158  13:13  Hellion  
  158  13:16  Siege Tank  
  158  13:19  Siege Tank  
  155  13:20  SCV x3, Siege Tank  
  155  13:21  SCV x2  
  155  13:26  Hellion  
  155  13:27  Siege Tank  
  160  13:32  SCV  
  159  13:35  Hellion  
  159  13:38  SCV x2  
  159  13:39  SCV  
  160  13:48  Siege Tank  
  156  13:56  Liberator  
  156  13:57  Siege Tank  
  156  14:02  Engineering Bay, Siege Tank  
  162  14:05  Siege Tank  
  162  14:06  Hellion  
  162  14:08  Hellion, Unknown  
  169  14:12  Hellion x2  
  169  14:15  Hellion  
  169  14:16  Hellion  
  174  14:20  Siege Tank  
  174  14:21  Hellion  
  172  14:28  SCV x2  
  172  14:30  Missile Turret  
  172  14:31  Sensor Tower  
  177  14:36  Missile Turret  
  174  14:43  Siege Tank x3  
  174  14:44  Hellion, Siege Tank  
Tags
 
Add a new tag
Caveats
  • Supply blocks, unpowered buildings, or Contaminate may cause inaccurate times.
  • Supply counts are checked every 10 seconds.